PAAA
SALT LAKE CITY BUZZ @ PHOENIX HOTSPUR RESERVES
07/18/2022
 
TOP OF THE 1ST
Salt Lake City Buzz batting - Pitching for Phoenix Hotspur Reserves : RHP Aaron Campbell
Pitching: RHP Aaron Campbell
Batting: RHB Roberto Ríos 0-0: Called Strike
0-1: Foul Ball, location: 2F
0-2: Ball
1-2: Ball
2-2: SINGLE (Groundball, 34D) (infield hit)
Batting: SHB Carlton Reed 0-0: Fly out, F3 (Line Drive, 3L)
0-0: Lined into DP, U3 (Line Drive, 3L)
Now at 1B: Mike Alford
Batting: RHB Oliver Aranda 0-0: Ball
1-0: Foul Ball, location: 2F
1-1: Fly out, F9 (Flyball, 9D)
Top of the 1st over - 0 run(s), 1 hit(s), 0 error(s), 0 left on base; Salt Lake City 0 - Phoenix 0
BOTTOM OF THE 1ST
Phoenix Hotspur Reserves batting - Pitching for Salt Lake City Buzz : LHP Carlos Barajas
Pitching: LHP Carlos Barajas
Batting: RHB Gabriel Pérez 0-0: Ball
1-0: Fly out, F6 (Popup, 6MD)
Batting: RHB Ben Anderson 0-0: Ball
1-0: Foul Ball, location: 2F
1-1: Foul Ball, location: 2F
1-2: DOUBLE (Line Drive, 7LS)
Batting: RHB Mike Alford 0-0: Called Strike
0-1: Ball
1-1: Swinging Strike
1-2: Ball
2-2: Strikes out looking
Batting: RHB Fernando Rivera 0-0: Ball
1-0: Ground out 4-3 (Groundball, 4M)
Bottom of the 1st over - 0 run(s), 1 hit(s), 0 error(s), 1 left on base; Salt Lake City 0 - Phoenix 0
TOP OF THE 2ND
Salt Lake City Buzz batting - Pitching for Phoenix Hotspur Reserves : RHP Aaron Campbell
Batting: RHB Miguel Vidro 0-0: Ball
1-0: Ball
2-0: Ball
3-0: Called Strike
3-1: Called Strike
3-2: Base on Balls
Batting: RHB Ichiyo Fujii 0-0: Ball
1-0: Ball
2-0: Called Strike
2-1: Fly out, F8 (Flyball, 8RS)
Batting: RHB Zach Lewis 0-0: Ball
1-0: Called Strike
1-1: Called Strike
1-2: Reached on error, E5 (Groundball, 5)
Miguel Vidro to second
Batting: RHB José Herrera 0-0: Called Strike
0-1: Ball
1-1: Foul Ball, location: 2F
1-2: Ball
2-2: Foul Ball, location: 2F
2-2: Ground out 2-3 (Groundball, 25)
Miguel Vidro to third
Zach Lewis to second
Batting: RHB Jim Coffey 0-0: Foul Ball, location: 2F
0-1: Ball
1-1: Fly out, F4 (Line Drive, 4)
Top of the 2nd over - 0 run(s), 0 hit(s), 1 error(s), 2 left on base; Salt Lake City 0 - Phoenix 0
BOTTOM OF THE 2ND
Phoenix Hotspur Reserves batting - Pitching for Salt Lake City Buzz : LHP Carlos Barajas
Batting: SHB Roberto López 0-0: Called Strike
0-1: Ball
1-1: Ball
2-1: Ball
3-1: Base on Balls
Batting: RHB Randy Rehling 0-0: Called Strike
Roberto López steals 2nd base
0-1: Ball
1-1: Foul Ball, location: 2F
1-2: Ball
2-2: Ground out 4-3 (Groundball, 13)
Roberto López to third
Batting: RHB Júlio Mateo 0-0: Ball
1-0: Ball
2-0: SINGLE (Line Drive, 56)
Roberto López scores
Batting: SHB Jesús González 0-0: Ball
1-0: Called Strike
1-1: Foul Ball, location: 2F
1-2: Grounds into double play, 6-4-3 (Groundball, 6)
Bottom of the 2nd over - 1 run(s), 1 hit(s), 0 error(s), 0 left on base; Salt Lake City 0 - Phoenix 1
TOP OF THE 3RD
Salt Lake City Buzz batting - Pitching for Phoenix Hotspur Reserves : RHP Aaron Campbell
Batting: RHB Don MacNeilage 0-0: Foul Ball, location: 2F
0-1: Called Strike
0-2: Ball
1-2: SOLO HOME RUN (Flyball, 78XD), Distance : 426 ft
Batting: RHB Roberto Ríos 0-0: Ball
1-0: Foul Ball, location: 2F
1-1: Ball
2-1: Foul Ball, location: 2F
2-2: Strikes out swinging
Batting: SHB Carlton Reed 0-0: Ball
1-0: Ball
2-0: Ball
3-0: Called Strike
3-1: Foul Ball, location: 2F
3-2: Foul Ball, location: 2F
3-2: Foul Ball, location: 2F
3-2: SINGLE (Groundball, 56D)
Batting: RHB Oliver Aranda 0-0: Called Strike
0-1: Ball
1-1: Ball
2-1: Called Strike
2-2: SINGLE (Line Drive, 89M)
Carlton Reed to second
Batting: RHB Miguel Vidro 0-0: Ball
1-0: Ball
2-0: Ball
3-0: Called Strike
3-1: Swinging Strike
3-2: Base on Balls
Carlton Reed to third
Oliver Aranda to second
Batting: RHB Ichiyo Fujii 0-0: Foul Ball, location: 2F
0-1: SINGLE (Line Drive, 7S)
Carlton Reed scores
Oliver Aranda to third
Miguel Vidro to second
Runner from 3rd tries for Home, SAFE, no throw or cutoff
Batting: RHB Zach Lewis 0-0: Ball
1-0: Called Strike
1-1: Ball
2-1: Ball
3-1: Base on Balls
Miguel Vidro to third
Ichiyo Fujii to second
Batting: RHB José Herrera 0-0: Called Strike
0-1: Fly out, F7 (Line Drive, 7S)
Batting: RHB Jim Coffey 0-0: Called Strike
0-1: Called Strike
0-2: Ball
1-2: Ball
2-2: Reached on error, E3 (Groundball, 3)
Miguel Vidro scores
Ichiyo Fujii to third
Zach Lewis to second
Batting: RHB Don MacNeilage 0-0: Fly out, F7 (Flyball, 7M)
Top of the 3rd over - 4 run(s), 4 hit(s), 1 error(s), 3 left on base; Salt Lake City 4 - Phoenix 1
BOTTOM OF THE 3RD
Phoenix Hotspur Reserves batting - Pitching for Salt Lake City Buzz : LHP Carlos Barajas
Batting: RHB Alejandro Ibarra 0-0: Ground out 4-3 (Groundball, 34)
Batting: RHB Gabriel Pérez 0-0: Bunt missed!
0-1: Swinging Strike
0-2: Ball
1-2: Foul Ball, location: 2F
1-2: Ball
2-2: Strikes out swinging
Batting: RHB Ben Anderson 0-0: Ball
1-0: Foul Ball, location: 2F
1-1: Called Strike
1-2: Strikes out swinging
Bottom of the 3rd over - 0 run(s), 0 hit(s), 0 error(s), 0 left on base; Salt Lake City 4 - Phoenix 1
TOP OF THE 4TH
Salt Lake City Buzz batting - Pitching for Phoenix Hotspur Reserves : RHP Aaron Campbell
Pitching: LHP Gary Thomas
Batting: RHB Roberto Ríos 0-0: Called Strike
0-1: Ball
1-1: Called Strike
1-2: Ball
2-2: Foul Ball, location: 2F
2-2: Foul Ball, location: 2F
2-2: Strikes out swinging
Batting: SHB Carlton Reed 0-0: Swinging Strike
0-1: Ball
1-1: Called Strike
1-2: Foul Ball, location: 2F
1-2: Fly out, F9 (Flyball, 89XD)
Batting: RHB Oliver Aranda 0-0: Called Strike
Reached via error on a dropped throw, E1
Batting: RHB Miguel Vidro 0-0: Called Strike
0-1: Ball
1-1: Swinging Strike
1-2: Ball
2-2: Ball
3-2: Fly out, F9 (Line Drive, 89M)
Top of the 4th over - 0 run(s), 0 hit(s), 1 error(s), 1 left on base; Salt Lake City 4 - Phoenix 1
BOTTOM OF THE 4TH
Phoenix Hotspur Reserves batting - Pitching for Salt Lake City Buzz : LHP Carlos Barajas
Batting: RHB Mike Alford 0-0: Called Strike
0-1: Swinging Strike
0-2: Strikes out swinging
Batting: RHB Fernando Rivera 0-0: Fly out, F6 (Popup, 6MD)
Batting: SHB Roberto López 0-0: Called Strike
0-1: Fly out, F9 (Flyball, 9M)
Bottom of the 4th over - 0 run(s), 0 hit(s), 0 error(s), 0 left on base; Salt Lake City 4 - Phoenix 1
TOP OF THE 5TH
Salt Lake City Buzz batting - Pitching for Phoenix Hotspur Reserves : LHP Gary Thomas
Batting: RHB Ichiyo Fujii 0-0: Ball
1-0: Ball
2-0: Called Strike
2-1: Ball
3-1: Called Strike
3-2: Base on Balls
Batting: RHB Zach Lewis 0-0: Ball
1-0: Bunted foul
1-1: Bunted foul
1-2: Ball
2-2: Strikes out swinging
Batting: RHB José Herrera 0-0: Ball
1-0: SINGLE (Groundball, 3D)
Ichiyo Fujii to second
Runner from 2nd tries for 3rd, SAFE, throw made to third
Batting: RHB Jim Coffey 0-0: Grounds into double play, 6-4-3 (Groundball, 6M)
Top of the 5th over - 0 run(s), 1 hit(s), 0 error(s), 1 left on base; Salt Lake City 4 - Phoenix 1
BOTTOM OF THE 5TH
Phoenix Hotspur Reserves batting - Pitching for Salt Lake City Buzz : LHP Carlos Barajas
Batting: RHB Randy Rehling 0-0: Ground out 1-3 (Groundball, 13)
Batting: RHB Júlio Mateo 0-0: Ball
1-0: Foul Ball, location: 2F
1-1: Ball
2-1: Swinging Strike
2-2: Fly out, F8 (Flyball, 8RD)
Batting: SHB Jesús González 0-0: SINGLE (Groundball, 3D)
Batting: RHB Alejandro Ibarra 0-0: Ball
1-0: Ball
2-0: Foul Ball, location: 2F
2-1: Ball
3-1: Base on Balls
Jesús González to second
Batting: RHB Gabriel Pérez 0-0: Foul Ball, location: 2F
0-1: Ground out 6-3 (Groundball, 56)
Bottom of the 5th over - 0 run(s), 1 hit(s), 0 error(s), 2 left on base; Salt Lake City 4 - Phoenix 1
TOP OF THE 6TH
Salt Lake City Buzz batting - Pitching for Phoenix Hotspur Reserves : LHP Gary Thomas
Batting: RHB Don MacNeilage 0-0: Swinging Strike
0-1: SINGLE (Groundball, 6MD)
Batting: RHB Roberto Ríos 0-0: Sac Bunt - play at first, batter OUT! 5-3
Don MacNeilage to second
Batting: SHB Carlton Reed 0-0: Ball
1-0: Foul Ball, location: 2F
1-1: Ball
2-1: Foul Ball, location: 2F
2-2: SINGLE (Line Drive, 89S)
Don MacNeilage to third
Runner from 3rd tries for Home, SAFE, throw made home
Carlton Reed to second
Batting: RHB Oliver Aranda 0-0: Intentional Walk
Batting: RHB Miguel Vidro 0-0: Called Strike
0-1: Ball
1-1: Swinging Strike
1-2: Ball
2-2: Ball
3-2: Foul Ball, location: 2F
3-2: Foul Ball, location: 2F
3-2: Foul Ball, location: 2F
3-2: Base on Balls
Carlton Reed to third
Oliver Aranda to second
Batting: RHB Ichiyo Fujii 0-0: Called Strike
0-1: Swinging Strike
0-2: Ball
1-2: Ball
2-2: Ball
3-2: Base on Balls
Carlton Reed scores
Oliver Aranda to third
Miguel Vidro to second
Batting: RHB Zach Lewis 0-0: Swinging Strike
0-1: Swinging Strike
0-2: Strikes out swinging
Batting: RHB José Herrera 0-0: Called Strike
0-1: Foul Ball, location: 2F
0-2: Ball
1-2: Ground out 5-3 (Groundball, 56)
Top of the 6th over - 2 run(s), 2 hit(s), 0 error(s), 3 left on base; Salt Lake City 6 - Phoenix 1
BOTTOM OF THE 6TH
Phoenix Hotspur Reserves batting - Pitching for Salt Lake City Buzz : LHP Carlos Barajas
Batting: RHB Ben Anderson 0-0: Called Strike
0-1: Ball
1-1: Foul Ball, location: 2F
1-2: Strikes out swinging
Batting: RHB Mike Alford 0-0: Foul Ball, location: 2F
0-1: Swinging Strike
0-2: Strikes out swinging
Batting: RHB Fernando Rivera 0-0: SINGLE (Line Drive, 56)
Batting: SHB Roberto López 0-0: Ball
1-0: Foul Ball, location: 2F
1-1: Fly out, F8 (Flyball, 89M)
Bottom of the 6th over - 0 run(s), 1 hit(s), 0 error(s), 1 left on base; Salt Lake City 6 - Phoenix 1
TOP OF THE 7TH
Salt Lake City Buzz batting - Pitching for Phoenix Hotspur Reserves : LHP Gary Thomas
Batting: RHB Jim Coffey 0-0: Ball
1-0: Ball
2-0: Swinging Strike
2-1: Ball
3-1: Called Strike
3-2: Foul Ball, location: 2F
3-2: SOLO HOME RUN (Flyball, 8LXD), Distance : 441 ft
Pitching: LHP Ray Davis
Batting: RHB Don MacNeilage 0-0: Called Strike
0-1: Called Strike
0-2: Ball
1-2: Strikes out swinging
Batting: RHB Roberto Ríos 0-0: Ball
1-0: Ball
2-0: Ball
3-0: Base on Balls
Batting: SHB Carlton Reed 0-0: Ball
1-0: Called Strike
1-1: Ball
2-1: Swinging Strike
2-2: Strikes out swinging
Batting: RHB Oliver Aranda 0-0: Ball
1-0: Called Strike
1-1: Ball
2-1: DOUBLE (Line Drive, 7LM)
Roberto Ríos to third
Runner from 3rd tries for Home, SAFE, no throw or cutoff
Batting: RHB Miguel Vidro 0-0: Ball
1-0: Foul Ball, location: 2F
1-1: Swinging Strike
1-2: Foul Ball, location: 2F
1-2: Foul Ball, location: 2F
1-2: Foul Ball, location: 2F
1-2: Ball
2-2: SINGLE (Groundball, 4D)
Oliver Aranda to third
Runner from 3rd tries for Home, SAFE, no throw or cutoff
Batting: RHB Ichiyo Fujii 0-0: Foul Ball, location: 2F
0-1: Ball
1-1: DOUBLE (Flyball, 8LXD)
Miguel Vidro to third
Runner from 3rd tries for Home, SAFE, no throw or cutoff
Pitching: RHP Richard Carlson
Batting: RHB Zach Lewis 0-0: Called Strike
0-1: Foul Ball, location: 2F
0-2: Fly out, F7 (Flyball, 7LD)
Top of the 7th over - 4 run(s), 4 hit(s), 0 error(s), 1 left on base; Salt Lake City 10 - Phoenix 1
BOTTOM OF THE 7TH
Phoenix Hotspur Reserves batting - Pitching for Salt Lake City Buzz : LHP Carlos Barajas
Batting: RHB Randy Rehling 0-0: Called Strike
0-1: Called Strike
0-2: SINGLE (Flyball, 89S)
Batting: RHB Júlio Mateo 0-0: Ball
1-0: Ball
2-0: Called Strike
2-1: Ground out 5-3 (Groundball, 56S)
Randy Rehling to second
Batting: SHB Jesús González 0-0: Swinging Strike
0-1: Ball
1-1: Foul Ball, location: 2F
1-2: SINGLE (Line Drive, 6MD)
Randy Rehling to third
Runner from 3rd tries for Home, SAFE, throw made home
Batting: RHB Alejandro Ibarra 0-0: Ground out 4-3 (Groundball, 13)
Jesús González to second
Batting: RHB Gabriel Pérez 0-0: Ball
1-0: SINGLE (Line Drive, 78S)
Jesús González to third
Runner from 3rd tries for Home, SAFE, no throw or cutoff
Batting: RHB Ben Anderson 0-0: Called Strike
0-1: Ball
1-1: Fielders Choice at 2nd, 6-4 (Groundball, 6S)
Bottom of the 7th over - 2 run(s), 3 hit(s), 0 error(s), 0 left on base; Salt Lake City 10 - Phoenix 3
TOP OF THE 8TH
Salt Lake City Buzz batting - Pitching for Phoenix Hotspur Reserves : RHP Richard Carlson
Batting: RHB José Herrera 0-0: Called Strike
0-1: Swinging Strike
0-2: Foul Ball, location: 2F
0-2: Foul Ball, location: 2F
0-2: Foul Ball, location: 2F
0-2: Ball
1-2: Foul Ball, location: 2F
1-2: Foul Ball, location: 2F
1-2: Fly out, F8 (Flyball, 8RM)
Batting: RHB Jim Coffey 0-0: Ball
1-0: Foul Ball, location: 2F
1-1: Ball
2-1: Foul Ball, location: 2F
2-2: Foul Ball, location: 2F
2-2: SINGLE (Flyball, 9LS)
Batting: RHB Don MacNeilage 0-0: Ball
1-0: Foul Ball, location: 2F
1-1: Foul Ball, location: 2F
1-2: Foul Ball, location: 2F
1-2: Foul Ball, location: 2F
1-2: Ball
2-2: Foul Ball, location: 2F
2-2: Ball
3-2: Foul Ball, location: 2F
3-2: Foul Ball, location: 2F
3-2: Base on Balls
Jim Coffey to second
Batting: RHB Roberto Ríos 0-0: Swinging Strike
0-1: SINGLE (Flyball, 8RS)
Jim Coffey to third
Don MacNeilage to second
Runner from 3rd tries for Home, SAFE, throw made home
Don MacNeilage to third
Roberto Ríos to second
Batting: SHB Carlton Reed 0-0: Ball
1-0: Ball
2-0: Ball
3-0: Called Strike
3-1: Swinging Strike
3-2: Base on Balls
Batting: RHB Oliver Aranda 0-0: Foul Ball, location: 2F
0-1: Ball
1-1: Ball
2-1: Ball
Wild Pitch!
Don MacNeilage scores
Roberto Ríos to third
Carlton Reed to second
3-1: Base on Balls
Pitching: RHP Miguel Angel Liñares
Batting: RHB Miguel Vidro 0-0: Ball
1-0: Foul Ball, location: 2F
1-1: Foul Ball, location: 2F
1-2: Reached on error, E6 (Groundball, 6)
Roberto Ríos scores
Carlton Reed to third
Oliver Aranda to second
Batting: RHB Ichiyo Fujii 0-0: Called Strike
0-1: Foul Ball, location: 2F
0-2: Foul Ball, location: 2F
0-2: Foul Ball, location: 2F
0-2: Ball
1-2: Strikes out swinging
Batting: RHB Zach Lewis 0-0: Called Strike
0-1: Ball
1-1: Foul Ball, location: 2F
1-2: Foul Ball, location: 2F
1-2: Strikes out looking
Top of the 8th over - 3 run(s), 2 hit(s), 1 error(s), 3 left on base; Salt Lake City 13 - Phoenix 3
BOTTOM OF THE 8TH
Phoenix Hotspur Reserves batting - Pitching for Salt Lake City Buzz : LHP Carlos Barajas
Batting: RHB Mike Alford 0-0: Swinging Strike
0-1: Ball
1-1: Ball
2-1: Foul Ball, location: 2F
2-2: Strikes out swinging
Batting: RHB Fernando Rivera 0-0: Called Strike
0-1: Ball
1-1: Swinging Strike
1-2: Ground out 6-3 (Groundball, 6)
Batting: SHB Roberto López 0-0: Ball
1-0: Ball
2-0: Fly out, F4 (Popup, 4)
Bottom of the 8th over - 0 run(s), 0 hit(s), 0 error(s), 0 left on base; Salt Lake City 13 - Phoenix 3
TOP OF THE 9TH
Salt Lake City Buzz batting - Pitching for Phoenix Hotspur Reserves : RHP Miguel Angel Liñares
Batting: RHB José Herrera 0-0: Ground out 4-3 (Groundball, 4)
Batting: RHB Jim Coffey 0-0: Ball
1-0: Foul Ball, location: 2F
1-1: Ball
2-1: Ground out 6-3 (Groundball, 6)
Batting: RHB Don MacNeilage 0-0: DOUBLE (Flyball, 9D)
Batting: RHB Roberto Ríos 0-0: DOUBLE (Flyball, 89XD)
Don MacNeilage scores
Batting: SHB Carlton Reed 0-0: Ball
1-0: Ball
2-0: Ball
3-0: Base on Balls
Batting: RHB Oliver Aranda 0-0: Ball
1-0: Ball
2-0: Ball
3-0: Called Strike
3-1: Base on Balls
Roberto Ríos to third
Carlton Reed to second
Batting: RHB Miguel Vidro 0-0: Called Strike
0-1: Foul Ball, location: 2F
0-2: Foul Ball, location: 2F
0-2: Ball
1-2: Fly out, F7 (Line Drive, 78S)
Top of the 9th over - 1 run(s), 2 hit(s), 0 error(s), 3 left on base; Salt Lake City 14 - Phoenix 3
BOTTOM OF THE 9TH
Phoenix Hotspur Reserves batting - Pitching for Salt Lake City Buzz : LHP Carlos Barajas
Batting: RHB Randy Rehling 0-0: Ball
1-0: Called Strike
1-1: Ball
2-1: Foul Ball, location: 2F
2-2: Ball
3-2: Ground out 6-3 (Groundball, 6)
Batting: RHB Júlio Mateo 0-0: Foul Ball, location: 2F
0-1: Foul Ball, location: 2F
0-2: Ball
1-2: Foul Ball, location: 2F
1-2: Ball
2-2: Ground out 4-3 (Groundball, 4S)
Batting: SHB Jesús González 0-0: Swinging Strike
0-1: DOUBLE (Flyball, 8LM)
Pitching: RHP John Dufour
Batting: RHB Alejandro Ibarra 0-0: Called Strike
0-1: Ground out 1-3 (Groundball, 23)
Bottom of the 9th over - 0 run(s), 1 hit(s), 0 error(s), 1 left on base; Salt Lake City 14 - Phoenix 3
This league is powered by Out of the Park Baseball, the baseball management simulation game for PC, Mac and Linux
Friday, April 15th, 2016 - OOTP Baseball 16.9 Build 39